 Dungeon Crawl Stone Soup version 0.22.1-5-g62c59d9 (webtiles) character file.

2088 Tiagovsky the Shield-Bearer (level 9, -1/82 HPs)
             Began as a Deep Dwarf Fighter on Jan 8, 2019.
             Was a Believer of Makhleb.
             Succumbed to Erica's bolt of poison
             ... on level 8 of the Dungeon.
             The game lasted 00:39:59 (6593 turns).

Tiagovsky the Shield-Bearer (Deep Dwarf Fighter)    Turns: 6593, Time: 00:40:00

Health: -1/82      AC: 17    Str: 22    XL:     9   Next: 6%
Magic:  6/6        EV:  5    Int: 10    God:    Makhleb [**....]
Gold:   404        SH: 11    Dex: 12    Spells: 8/8 levels left

rFire    . . .     SeeInvis .   w - +1 war axe
rCold    . . .     Gourm    .   c - +0 shield
rNeg     . . .     Faith    .   a - +0 plate armour
rPois    .         Spirit   .   (no helmet)
rElec    .         Reflect  .   x - +0 cloak
rCorr    .         Harm     .   M - +0 pair of gloves
MR       ++...                  v - +0 pair of boots
Stlth    ..........             (no amulet)
HPRegen  0.00/turn              u - ring of protection from magic
MPRegen  0.10/turn              h - ring of stealth

@: lethally poisoned (-1 -> -27), non-regenerating
A: damage resistance, heal wounds, sense surroundings 2, no regeneration
a: Heal Wounds, Minor Destruction, Renounce Religion


You were on level 8 of the Dungeon.
You worshipped Makhleb.
Makhleb was pleased with you.
You were not hungry.

You visited 2 branches of the dungeon, and saw 9 of its levels.

You collected 404 gold pieces.

Inventory:

Hand Weapons
 q - a +0 hunting sling
 w - a +1 war axe (weapon)
 K - a +4 hand axe
Missiles
 j - 122 stones
 C - 42 sling bullets
 L - 2 tomahawks of dispersal (quivered)
Armour
 a - a +0 plate armour (worn)
 c - a +0 shield (worn)
 v - a +0 pair of boots (worn)
 x - a +0 cloak (worn)
 G - a +0 plate armour
 M - a +0 pair of gloves (worn)
Jewellery
 h - a ring of stealth (right hand)
 u - a ring of protection from magic (left hand)
Wands
 s - a wand of paralysis (16)
 A - a wand of scattershot (5)
 I - a wand of digging (18)
 J - a wand of polymorph (12)
Scrolls
 e - 8 scrolls of identify
 l - 3 scrolls of teleportation
 p - 2 scrolls of enchant armour {unknown}
 y - 3 scrolls of blinking
 z - 2 scrolls of remove curse
 D - 3 scrolls of enchant weapon
 F - a scroll of amnesia
Potions
 b - a potion of magic {unknown}
 d - a potion of might
 i - 2 potions of agility
 k - a potion of brilliance
 m - 2 potions of heal wounds
 n - 2 potions of haste
 o - 3 potions of resistance
 r - a potion of cancellation
 t - 2 potions of degeneration {unknown}
 B - 2 potions of curing {unknown}
 E - a potion of invisibility {unknown}
 H - 2 potions of flight {unknown}
Comestibles
 f - 9 rations
 g - 3 chunks of flesh


   Skills:
 + Level 6.1 Fighting
 + Level 6.8 Axes
 - Level 7.2 Armour
 + Level 7.3 Shields
 + Level 0.7 Invocations


You had 8 spell levels left.
You didn't know any spells.
Your spell library contained the following spells:

 Spells                   Type           Power        Failure   Level  Hunger
 Magic Dart               Conj           #...         100%        1    ##.....
 Searing Ray              Conj           #.....       100%        2    ###....
 Dazzling Spray           Conj/Hex       #.....       100%        3    ####...
 Force Lance              Conj/Tloc      #.......     100%        4    #####..
 Fulminant Prism          Conj/Hex       #.........   100%        4    #####..
 Iskenderun's Mystic Bla  Conj           #.......     100%        4    #####..


Dungeon Overview and Level Annotations

Branches:
Dungeon (8/15)             Temple (1/1) D:4
   Lair: D:8-11

Altars:
Ashenzari
Cheibriados
Dithmenos
Elyvilon
Fedhas
Gozag
Hepliaklqana
Kikubaaqudgha
Makhleb
Nemelex Xobeh
Okawaru
Qazlal
Ru
Sif Muna
Trog
Uskayaw
Vehumet
Wu Jian
Xom
Yredelemnul
Zin
The Shining One

Shops:
D:5 :

Annotations:
D:7 1 runed door, Vojta's ghost, novice TrAs
D:8 Erica


Innate Abilities, Weirdness & Mutations

You are resistant to damage.
You can heal yourself by infusing magical energy.
You passively map the area around you.
You do not regenerate.


Message History

A bolt of poison appears from out of thin air!
The bolt of poison hits you!
You are more poisoned.
You feel very sick.
You feel very sick.
* * * LOW HITPOINT WARNING * * *
You feel very sick.
You hear some strange, mumbled words.
A bolt of poison appears from out of thin air!
The bolt of poison hits the wight.
The wight completely resists.
The bolt of poison hits you!
You are lethally poisoned!
* * * LOW HITPOINT WARNING * * *
* * * LOW HITPOINT WARNING * * *
You feel very sick.
You see here a scorpion corpse.
* * * LOW HITPOINT WARNING * * *
You feel very sick.
You fail to use your ability.
You die...

, #..................#....
* ,
,.#..............###.#....
,,................#
#.#####
,......................#
#..<...
,,......................#
#######
,...........#..........# *
#....................#
........#...<......# . ,
#...#.##..@.......#
..|.##...#.{z.†......###
.........z.z...#.....#
.........(.....##....#
................#.....#
................#.....#
,....###.........#.....#
.... ...........# ....#
#.# #.............


You could see 3 wights.

Vanquished Creatures
  2 orc warriors (D:7)
  An ice beast (D:6)
  2 phantoms (D:5)
  2 ogres
  3 centaurs (D:7)
  2 bullfrogs (D:7)
  2 scorpions
  4 crimson imps
  A quasit (D:7)
  A centaur skeleton (D:5)
  3 hounds
  A bullfrog skeleton (D:4)
  4 orc wizards
  4 orc priests
  Crazy Yiuf (D:3)
  2 jellies (D:5)
  An iguana (D:7)
  4 worker ants
  A hound skeleton (D:6)
  3 howler monkey zombies
  A howler monkey skeleton (D:7)
  5 adders
  A shadow imp (D:7)
  An adder zombie (D:8)
  2 worms (D:2)
  5 dart slugs
  2 leopard geckos
  19 orcs
  7 bats
  5 giant cockroaches
  18 goblins
  15 hobgoblins
  8 jackals
  10 kobolds
  2 quokkas
  4 ball pythons
  5 frilled lizards
  A jackal skeleton (D:6)
  A leopard gecko skeleton (D:4)
  6 rats
162 creatures vanquished.

Notes
Turn   | Place    | Note
-------+----------+-------------------------------------------
     0 | D:1      | Tiagovsky the Deep Dwarf Fighter began the quest for the
                  | Orb.
     0 | D:1      | Reached XP level 1. HP: 20/20 MP: 1/1
   119 | D:1      | Reached XP level 2. HP: 22/27 MP: 2/2
   554 | D:1      | Reached XP level 3. HP: 25/34 MP: 3/3
  1218 | D:2      | Found a snail-covered altar of Cheibriados.
  1292 | D:2      | Reached XP level 4. HP: 22/42 MP: 4/4
  2029 | D:3      | Reached XP level 5. HP: 49/49 MP: 4/4
  2135 | D:3      | Found a stormy altar of Qazlal.
  2358 | D:3      | Found a runed door.
  3043 | D:3      | Noticed Crazy Yiuf
  3050 | D:3      | Killed Crazy Yiuf
  3277 | D:4      | Found a staircase to the Ecumenical Temple.
  3282 | Temple   | Entered the Ecumenical Temple
  3597 | Temple   | Became a worshipper of Makhleb the Destroyer
  3676 | D:4      | Reached XP level 6. HP: 44/57 MP: 5/5
  3746 | D:4      | Reached skill level 5 in Shields
  3933 | D:4      | Reached skill level 5 in Armour
  4095 | D:5      | Entered Level 5 of the Dungeon
  4103 | D:5      | Found an opulent altar of Gozag.
  4162 | D:5      | Reached XP level 7. HP: 42/66 MP: 6/6
  4366 | D:5      | Found Eblomos's Book Emporium.
  4530 | D:5      | Reached skill level 5 in Axes
  4680 | D:5      | Reached * piety under Makhleb
  5028 | D:6      | Reached skill level 5 in Fighting
  5035 | D:6      | Reached XP level 8. HP: 43/74 MP: 6/6
  5061 | D:6      | Found an ornate altar of the Wu Jian Council.
  5137 | D:6      | Found a hazy altar of Hepliaklqana.
  5703 | D:7      | Found a hazy altar of Hepliaklqana.
  6126 | D:7      | Reached ** piety under Makhleb
  6182 | D:7      | Found a runed door.
  6196 | D:7      | Noticed Vojta's ghost (novice TrAs)
  6276 | D:7      | Gained mutation: You passively map the area around you.
                  | [Deep Dwarf growth]
  6276 | D:7      | Reached XP level 9. HP: 58/82 MP: 6/6
  6489 | D:8      | Found a sparkling altar of Nemelex Xobeh.
  6546 | D:8      | Noticed Erica
  6592 | D:8      | HP: 3/82 [poisoned by Erica (bolt of poison)]
  6593 | D:8      | Succumbed to Erica's bolt of poison

Skill      XL: |  1  2  3  4  5  6  7  8 |
---------------+-------------------------+-----
Fighting       | 3 4 5 6 |  6.1
Axes           | 3 4 5 6 |  6.8
Armour         | 4 5 6 7 |  7.2
Shields        | 4 5 6 7 |  7.3
Invocations    | |  0.7

Action                   |  1- 3 |  4- 6 |  7- 9 || total
-------------------------+-------+-------+-------++-------
Melee: War axe           |   132 |   211 |   249 ||   592
 Fire: Hunting sling     |       |    23 |    11 ||    34
Throw: Stone             |     3 |       |       ||     3
       Tomahawk          |       |       |     2 ||     2
 Abil: Heal Wounds       |       |     4 |     9 ||    13
  Use: Scroll            |       |     7 |     7 ||    14
  Eat: Chunk             |     2 |     5 |     5 ||    12
       Ration            |       |     1 |     1 ||     2
Armor: Scale mail        |    78 |       |       ||    78
       Plate armour      |     2 |   126 |   156 ||   284
Dodge: Dodged            |    43 |    28 |    43 ||   114
Block: Shield            |    63 |    99 |   173 ||   335
